 Dungeon Crawl Stone Soup version 0.28.0-53-g5a82cb258f (webtiles) character file.

Game seed: 2684162707046788377

189 Aphynety the Digger (level 5, -2/28 HPs)
             Began as a Gargoyle Earth Elementalist on May 21, 2022.
             Killed from afar by an orc wizard (9 damage)
             ... with a puff of flame
             ... on level 4 of the Dungeon on May 22, 2022.
             The game lasted 00:11:11 (2835 turns).

Aphynety the Digger (Gargoyle Earth Elementalist)   Turns: 2835, Time: 00:11:12

Health: -2/28      AC:  8    Str: 12    XL:     5   Next: 68%
Magic:  9/9        EV: 12    Int: 17    God:
Gold:   106        SH:  0    Dex: 10    Spells: 7/9 levels left

rFire   . . .      SeeInvis .   (no weapon)
rCold   . . .      Faith    .   (no shield)
rNeg    + . .      Spirit   .   b - +0 robe
rPois   ∞          Reflect  .   (no helmet)
rElec   +          Harm     .   a - +0 cloak
rCorr   .          Rampage  .   r - +0 pair of gloves
Will    .....                   (no boots)
Stlth   ++........              (no amulet)
HPRegen 0.09/turn               (no ring)
MPRegen 0.11/turn               (no ring)

@: no status effects
A: sickness immunity, AC +4, negative energy resistance 1, electricity
resistance, torment resistance 1, petrification resistance
a: no special abilities


You were on level 4 of the Dungeon.
You visited 1 branch of the dungeon, and saw 4 of its levels.

You collected 106 gold pieces.

Inventory:

Missiles
 f - 4 large rocks
Armour
 a - a +0 cloak (worn)
 b - a +0 robe (worn)
 r - a +0 pair of gloves (worn)
Jewellery
 h - a ring of magical power
Wands
 n - a wand of polymorph (7)
 p - a wand of paralysis (4)
Scrolls
 d - 5 scrolls of identify {unknown}
 g - a scroll of teleportation {unknown}
 m - a scroll of magic mapping {unknown}
Potions
 c - 3 potions of curing {unknown}
 e - a potion of invisibility {unknown}
 j - a potion of cancellation {unknown}
 k - a potion of flight {unknown}
 l - a potion of brilliance {unknown}
 o - a potion of ambrosia {unknown}
 q - a potion of attraction {unknown}


   Skills:
 + Level 2.6 Dodging
 + Level 3.5 Stealth
 + Level 2.9 Spellcasting
 + Level 2.0 Transmutations
 + Level 4.5 Earth Magic


You had 7 spell levels left.
You knew the following spells:

 Your Spells              Type           Power      Damage    Failure   Level
a - Sandblast             Erth           36%        2d10      2%          1
b - Beastly Appendage     Tmut           18%        N/A       8%          1

Your spell library contained the following spells:

 Spells                   Type           Power      Damage    Failure   Level
 Passwall                 Tmut/Erth      10%        N/A       7%          2
 Wereblood                Tmut           9%         N/A       12%         2
 Stone Arrow              Conj/Erth      20%        3d8       21%         3
 Spider Form              Tmut/Pois      5%         N/A       34%         3
 Petrify                  Tmut/Erth      13%        N/A       41%         4


Dungeon Overview and Level Annotations

Branches:
Dungeon (4/15)
 Temple: D:4-7

Altars:
Elyvilon

Shops:
D:1 *

Annotations:
D:2 Terence


Innate Abilities, Weirdness & Mutations

You are immune to sickness and miasma.
Your stone body is resilient. (AC +4)
You are immune to poison.
You resist negative energy. (rN+)
You are resistant to electric shocks. (rElec)
You are resistant to unholy torment.
You are immune to petrification.


Message History

You miss something.
You hear some strange, mumbled words.
A magic dart appears from out of thin air!
The magic dart hits you.
You hit something but do no damage. Something barely misses you.
You hit something but do no damage. Something hits you but does no damage.
You closely miss something. Something hits you but does no damage.
You miss something. Your punch misses something.
You hear some strange, mumbled words.
Something tries to affect you, but you resist.
You miss something. Something hits you but does no damage.
You hit something but do no damage. Something hits you.
You miss something. Something hits you but does no damage.
You miss something. Something hits you.
You hit something but do no damage. Something hits you but does no damage.
You miss something. Something hits you but does no damage.
You closely miss something.
An orc wizard appears from thin air!
Reactivating autopickup.
The orc wizard misses you.
You hit the orc wizard but do no damage.
The orc wizard is lightly wounded.
The orc wizard hits you with a +0 dagger.
* * * LOW HITPOINT WARNING * * *
You hit the orc wizard but do no damage.
The orc wizard is lightly wounded.
The orc wizard hits you but does no damage.
You hit the orc wizard but do no damage.
The orc wizard is lightly wounded.
The orc wizard barely misses you.
You hit the orc wizard but do no damage.
The orc wizard is lightly wounded.
The orc wizard hits you but does no damage.
You closely miss the orc wizard.
The orc wizard is lightly wounded.
The orc wizard hits you but does no damage.
You closely miss the orc wizard.
The orc wizard is lightly wounded.
The orc wizard points at you and mumbles some strange words.
The puff of flame hits you!
You die...

#...# ....... #.#.##...
#.#.##...# .........#
#.#.##.#.# ### #.#.##.#.#
#)# #.#)##o#.#
#.####.#.##@#.#
#.##.....##.#.##########
#.#.......†##.#..........#
#.#.##..........########.#
#.#.##................##.#
#.#<##...#..#.#.####.....#
#.#)##...#..#.#.# #####.#
#.#.##...#..#...# #.#
#...........#.#.# ###


You could see an orc wizard.

Vanquished Creatures
  A jelly (D:4)
  Natasha (thrice) (D:3)
  An adder (D:2)
  5 worms
  2 dart slugs
  An orc (D:4)
  5 endoplasms
  3 giant cockroaches
  5 goblins
  5 hobgoblins
  3 jackals (D:1)
  2 quokkas (D:2)
  3 ball pythons
  3 bats
  6 frilled lizards
  9 kobolds
  A rat (D:3)
58 creatures vanquished.

Vanquished Creatures (others)
  8 plants (D:4)
8 creatures vanquished.

Grand Total: 66 creatures vanquished

Notes
Turn   | Place    | Note
-------+----------+-------------------------------------------
     0 | D:1      | Aphynety the Gargoyle Earth Elementalist began the quest
                  | for the Orb.
     0 | D:1      | Reached XP level 1. HP: 10/10 MP: 3/3
   318 | D:1      | Found Wylaeh's Assorted Antiques.
   339 | D:1      | Reached skill level 1 in Transmutations
   339 | D:1      | Reached XP level 2. HP: 13/15 MP: 1/5
   814 | D:1      | Reached XP level 3. HP: 19/19 MP: 3/6
  1232 | D:2      | Noticed Terence
  1271 | D:2      | Reached skill level 4 in Earth Magic
  1332 | D:2      | You fall into a shaft and drop 1 floor!
  2007 | D:3      | Reached XP level 4. HP: 24/24 MP: 4/7
  2059 | D:3      | Found a white marble altar of Elyvilon.
  2233 | D:3      | Noticed Natasha
  2238 | D:3      | Killed Natasha
  2293 | D:3      | Noticed Natasha
  2296 | D:3      | Killed Natasha
  2297 | D:3      | Reached XP level 5. HP: 23/28 MP: 5/9
  2382 | D:3      | Noticed Natasha
  2385 | D:3      | Killed Natasha
  2714 | D:3      | Learned a level 1 spell: Beastly Appendage
  2773 | D:4      | Noticed a lemure
  2835 | D:4      | Killed from afar by an orc wizard

Illustrated notes

Levels and vault maps discovered:
D:1:      psy_arrival_statuary, layout_basic, serial_shops,
          nicolae_shop_hallway_plus
D:2:      minmay_door_path, layout_rooms, minmay_unequal, uniq_terence
D:3:      layout_rooms, mainiacjoe_overflow_six_doors_small, nicolae_wormholes,
          uniq_natasha
D:4:      layout_basic, serial_shops, shop, serial_bayou_lake_a, uniq_robin,
          uniq_blork_the_orc, uniq_pikel

Skill      XL: |  1  2  3  4  5 |
---------------+----------------+-----
Transmutations | 1 2 |  2.0
Earth Magic    | 4 |  4.5
Dodging        | 2 |  2.6
Stealth        | 3 |  3.5
Spellcasting   | |  2.9

Action                   |  1- 3 |  4- 6 || total
-------------------------+-------+-------++-------
Melee: Unarmed           |    45 |    44 ||    89
       Headbutt          |       |     2 ||     2
       Kick              |       |     1 ||     1
 Cast: Sandblast         |    54 |    27 ||    81
       Beastly Appendage |       |     1 ||     1
Armor: Robe              |    25 |    27 ||    52
Dodge: Dodged            |    40 |    10 ||    50
